 Dungeon Crawl Stone Soup version 0.29-a0-1030-gf5f8719cae (webtiles) character file.

Game seed: 16251327613273508599

23 27heaven the Slasher (level 3, -1/26 HPs)
             Began as an Octopode Monk on Aug 13, 2022.
             Was a Priest of Makhleb.
             Succumbed to Terence's poison
             ... on level 2 of the Dungeon.
             The game lasted 00:00:44 (1120 turns).

27heaven the Slasher (Octopode Monk)                Turns: 1120, Time: 00:00:46

Health: -1/26      AC:  1    Str: 10    XL:     3   Next: 0%
Magic:  3/3        EV: 14    Int: 12    God:    Makhleb [***...]
Gold:   82         SH:  0    Dex: 16    Spells: 2/2 levels left

rFire   . . .      SeeInvis .   a - +0 falchion
rCold   . . .      Faith    .   (no shield)
rNeg    . . .      Spirit   .   (helmet restricted)
rPois   .          Reflect  .   (no amulet)
rElec   .          Harm     .   (no ring)
rCorr   .          Rampage  .   (no ring)
Will    .....                   (no ring)
Stlth   +++.......              (no ring)
HPRegen 0.08/turn               (no ring)
MPRegen 0.08/turn               (no ring)
                                (no ring)
                                (no ring)

@: lethally poisoned (-1 -> -18)
A: almost no armour, amphibious, 8 rings, camouflage 1, gelatinous body 1,
(nimble swimmer 1), tentacles
a: Renounce Religion, Minor Destruction, Lesser Servant of Makhleb


You were on level 2 of the Dungeon.
You worshipped Makhleb.
Makhleb was most pleased with you.
You visited 1 branch of the dungeon, and saw 2 of its levels.

You collected 82 gold pieces.

Inventory:

Hand Weapons
 a - a +0 falchion (weapon)
Scrolls
 c - 3 scrolls of fog {unknown}
 e - a scroll of acquirement {unknown}
Potions
 b - 3 potions of curing {unknown}
 d - a potion of heal wounds {unknown}
 f - a potion of might {unknown}
 g - a potion of berserk rage {unknown}
 h - a potion of ambrosia {unknown}


   Skills:
 - Level 3.0 Fighting
 + Level 4.1 Long Blades
 - Level 3.0 Dodging
 - Level 2.6 Stealth


You had 2 spell levels left.
You didn't know any spells.
Your spell library was empty.

Dungeon Overview and Level Annotations

Branches:
Dungeon (2/15)

Altars:
Makhleb


Innate Abilities, Weirdness & Mutations

You cannot wear most types of armour.
You are amphibious.
You can wear up to eight rings at the same time.
Your skin changes colour to match your surroundings (Stealth+).
Your rubbery body absorbs attacks. (AC +1, EV +1)
((You are camouflaged when in or above water. (Stealth+)))
You have tentacles for arms and can constrict up to eight enemies at once.


Message History

Terence is lightly wounded.
You constrict Terence, but do no damage.
Terence shouts, "Now you die!" Terence closely misses you.
You hit Terence.
Terence is moderately wounded.
You constrict Terence, but do no damage.
Terence closely misses you.
You hit Terence. You squeeze Terence, but do no damage.
Terence is heavily wounded.
You constrict Terence.
Terence hits you with a +0 short sword of venom.
You are poisoned.
You hit Terence.
Terence is severely wounded.
You constrict Terence, but do no damage.
You feel very sick. Terence barely misses you.
You hit Terence but do no damage.
Terence is severely wounded.
You constrict Terence.
You feel sick. Terence barely misses you.
You hit Terence but do no damage.
Terence is almost dead.
You constrict Terence, but do no damage.
You feel sick.
Terence hits you with a +0 short sword of venom.
You are lethally poisoned!
You hit Terence.
Terence is almost dead.
You constrict Terence.
* * * LOW HITPOINT WARNING * * *
You feel very sick. Terence misses you.
You hit Terence but do no damage. You squeeze Terence, but do no damage.
Terence is almost dead.
You constrict Terence.
You kill Terence!
Makhleb accepts your kill.
You feel better.
You die...

.## ... # ####
... .# # ...
#.# <##.#
#.##.#.....#
#..#.#...#
#.......#.#
#.##..@)......
#.............
###..†....####
#.......#
.........#
####........
>......#.#
##........#
......#..


There were no monsters in sight!

Vanquished Creatures
  Terence (D:2)
  2 bats (D:1)
  4 endoplasms (D:1)
  5 hobgoblins
  3 jackals (D:1)
  A kobold (D:1)
  A quokka (D:1)
  A frilled lizard (D:1)
  A rat (D:1)
19 creatures vanquished.

Notes
Turn   | Place    | Note
-------+----------+-------------------------------------------
     0 | D:1      | 27heaven the Octopode Monk began the quest for the Orb.
     0 | D:1      | Reached XP level 1. HP: 16/16 MP: 1/1
    41 | D:1      | Found a faded altar of an unknown god.
    56 | D:1      | Prayed at the altar of an unknown god.
    56 | D:1      | Became a worshipper of Makhleb the Destroyer
    56 | D:1      | Reached * piety under Makhleb
    56 | D:1      | Reached ** piety under Makhleb
   202 | D:1      | Reached XP level 2. HP: 4/21 MP: 2/2
   203 | D:1      | Reached *** piety under Makhleb
   670 | D:1      | Reached skill level 4 in Long Blades
  1107 | D:2      | Noticed Terence
  1110 | D:2      | Reached XP level 3. HP: 26/26 MP: 3/3
  1120 | D:2      | Killed Terence
  1120 | D:2      | Succumbed to Terence's poison

Illustrated notes

Levels and vault maps discovered:
D:1:      shiori_arrival_whats_in_store_for_you, layout_basic,
          hellmonk_ecumenical_altar_arch_garden, minmay_vboxes
D:2:      layout_rooms, uniq_terence

Skill      XL: |  1  2 |
---------------+-------+-----
Long Blades    | 4 |  4.1
Fighting       | |  3.0
Dodging        | |  3.0
Stealth        | |  2.6

Action                   || total
-------------------------++-------
Melee: Falchion          ||    42
       Tentacles         ||     9
       Constrict         ||     6
 Stab: Sleeping          ||     5
Armor: Skin              ||     3
Dodge: Dodged            ||    37

Table legend: (Time is in decaauts)
 A = Elapsed time spent in this place.
 B = Non-inter-level travel time spent in this place.
 C = Inter-level travel time spent in this place.
 D = Time resting spent in this place.
 E = Time spent auto-exploring this place.
 F = Levels seen in this place.
 G = Mean time per level.
                   A        B        C        D        E       F      G
               +--------+--------+--------+--------+--------+-----+--------+
         Total |   1124 |   1110 |     14 |      0 |    983 |   2 |  562.0 |
       Dungeon |   1124 |   1110 |     14 |      0 |    983 |   2 |  562.0 |
               +--------+--------+--------+--------+--------+-----+--------+

Top non-repeatable levels by time:
     D:1: 1110 daAuts
     D:2: 13 daAuts
